 Dungeon Crawl Stone Soup version 0.24.0-1-gfbc8707 (webtiles) character file.

Game seed: 5860942564176338987, levelgen mode: deterministic

12797 Faca the Impaler (level 11, -4/94 (96) HPs)
             Began as a Merfolk Gladiator on Oct 26, 2019.
             Was a High Priest of Okawaru.
             Killed by divine providence
             ... invoked by an orc priest
              (13 damage)
             ... on level 11 of the Dungeon.
             The game lasted 00:30:56 (14693 turns).

Faca the Impaler (Merfolk Gladiator)               Turns: 14693, Time: 00:30:56

HP:   -4/94 (96)    AC:  9    Str: 18    XL:     11   Next: 99%
MP:   11/11         EV: 17    Int:  8    God:    Okawaru [*****.]
Gold: 817           SH:  5    Dex: 15    Spells: 10/10 levels left

rFire    . . .     SeeInvis +   F - +0 halberd (venom)
rCold    . . .     Gourm    .   (shield currently unavailable)
rNeg     . . .     Faith    .   u - +0 ring mail
rPois    .         Spirit   .   o - +0 helmet {SInv}
rElec    .         Reflect  +   i - +0 cloak
rCorr    .         Harm     .   b - +1 pair of gloves
MR       +....                  (no boots)
Stlth    +.........             J - +5 amulet of reflection
HPRegen  0.25/turn              r - ring of protection from magic
MPRegen  0.12/turn              (no ring)

@: lightly drained
A: change form in water, swift swim, stealthy swim
a: Heroism, Finesse, Renounce Religion


You were on level 11 of the Dungeon.
You worshipped Okawaru.
Okawaru was extremely pleased with you.
You were not hungry.

You visited 2 branches of the dungeon, and saw 12 of its levels.
You also visited: Sewer.

You collected 899 gold pieces.
You spent 82 gold pieces at shops.

Inventory:

Hand Weapons
 a - a +1 trident
 F - a +0 halberd of venom (weapon)
Missiles
 d - 3 throwing nets (quivered)
 O - 2 javelins
Armour
 b - a +1 pair of gloves (worn)
 i - a +0 cloak (worn)
 o - a +0 helmet of see invisible (worn)
 u - a +0 ring mail (worn)
 M - a +0 large shield
Jewellery
 r - a ring of protection from magic (left hand)
 B - an uncursed ring of flight
 E - an uncursed amulet of regeneration {unknown}
 J - a +5 amulet of reflection (around neck)
Wands
 s - a wand of acid (4)
 I - a wand of polymorph (10)
 K - a wand of flame (14)
Scrolls
 c - a scroll of brand weapon {unknown}
 k - 3 scrolls of teleportation
 m - 5 scrolls of remove curse
 v - 2 scrolls of enchant armour
 x - a scroll of enchant weapon
 y - a scroll of holy word {unknown}
 C - a scroll of torment {unknown}
 G - 2 scrolls of amnesia {unknown}
 H - a scroll of blinking {unknown}
 N - a scroll of fear {unknown}
 P - a scroll of immolation {unknown}
 Q - a scroll of silence {unknown}
Potions
 e - a potion of might
 g - a potion of agility
 h - a potion of invisibility
 j - 3 potions of mutation
 l - 5 potions of haste
 n - a potion of ambrosia
 p - a potion of brilliance
 q - 3 potions of flight
 t - 2 potions of lignification {unknown}
 w - 2 potions of heal wounds {unknown}
 z - 2 potions of degeneration {unknown}
 A - 2 potions of resistance
 D - 2 potions of magic {unknown}
Comestibles
 f - 13 rations
 R - 6 chunks of flesh


   Skills:
 + Level 12.7(12.1) Fighting
 + Level 16.1(15.5) Polearms
 - Level 2.0(1.6) Throwing
 + Level 10.9(10.4) Dodging
 + Level 4.1(3.6) Shields


You had 10 spell levels left.
You didn't know any spells.
Your spell library contained the following spells:

 Spells                   Type           Power        Failure   Level  Hunger
 Irradiate                Conj/Tmut      #.........   100%        5    ######.
 Hydra Form               Tmut           #.........   100%        6    #######
 Statue Form              Tmut/Erth      #........    100%        6    #######
 Dragon Form              Tmut           #.........   100%        7    #######


Dungeon Overview and Level Annotations

Branches:
Dungeon (11/15)            Temple (1/1) D:6            Lair (0/6) D:9
  Sewer (visited)
    Orc: D:9-12

Altars:
Ashenzari
Cheibriados
Dithmenos
Elyvilon
Fedhas
Gozag
Hepliaklqana
Kikubaaqudgha
Makhleb
Nemelex Xobeh
Okawaru
Qazlal
Ru
Sif Muna
Trog
Uskayaw
Vehumet
Wu Jian
Xom
Yredelemnul
Zin
The Shining One

Shops:
D:5 (*=!!


Message History

The orc warrior is severely wounded.
The orc warrior hits you with a +0 flail!
* * * LOW HITPOINT WARNING * * *
Okay, then.
As you read the scroll of fog, it crumbles to dust.
The scroll dissolves into smoke.
Things that are here:
a +0 morningstar; a +0 robe
There is an open door here.
Things that are here:
a +0 short sword; an orc corpse
Items here: ) [ ÷÷ a +0 great sword; a +0 robe; a leopard gecko skeleton; a warg skeleton
There is an open door here.
You kill the orc warrior!
Okawaru accepts your kill.
The orc suddenly jeers, in orcish tradition.
The orc priest calls down the wrath of Beogh upon you.
Beogh smites you!
You die...

#.....#(.....#....#....#
#.....##....#######....#
#......#....#.....#....#
#......#....#.....#....#
#......#....'.÷...#....#
#......#....#.....#....#
#......#....#.....#....#
#......#....#.....######
########'#.@#######
#........#........#
#........#........+
#........#.o......#
#........#........#
#####
#........#.o......+
#....
##########..#######
#.... #...o#.....# #....
#....#.....# #....


You could see an orc priest and 2 orcs.

Vanquished Creatures
  A fire dragon (D:10)
  An ugly thing (D:9)
  A manticore (D:11)
  Maurice (D:10)
  Joseph (D:8)
  A gargoyle (D:10)
  2 trolls (D:9)
  A hippogriff (D:11)
  A shadow (D:11)
  6 yaks (D:7)
  A steam dragon (D:6)
  Grum (D:10)
  A hungry ghost (D:7)
  3 wargs
  Menkaure (D:5)
  4 sky beasts
  5 orc warriors
  8 ice beasts
  5 phantoms
  7 ogres
  An eye of draining (D:9)
  A necrophage (D:8)
  10 centaurs
  3 wolves
  A big kobold (D:11)
  11 bullfrogs
  A gnoll sergeant (D:5)
  8 scorpions
  20 killer bees
  4 wights (D:11)
  2 howler monkeys (D:8)
  2 crimson imps
  A bullfrog zombie (D:10)
  A centaur zombie (D:6)
  7 hounds
  3 jellies
  2 bullfrog skeletons
  4 orc priests
  12 orc wizards
  An iguana (D:8)
  9 worker ants
  A killer bee zombie (D:8)
  A hound zombie (D:10)
  2 hound skeletons
  A worker ant zombie (D:10)
  Robin (D:3)
  A howler monkey skeleton (D:7)
  18 adders
  5 gnolls
  A shadow imp (D:9)
  An adder zombie (D:8)
  3 worms
  2 dart slugs
  9 leopard geckos
  33 orcs
  2 ball pythons (Sewer)
  11 giant cockroaches
  16 goblins
  7 hobgoblins
  17 jackals
  13 kobolds
  4 quokkas
  9 bats
  16 frilled lizards
  A jackal skeleton (D:5)
  8 rats
  4 fungi (D:7)
343 creatures vanquished.

Vanquished Creatures (others)
  A goblin (D:3)
1 creature vanquished.

Grand Total: 344 creatures vanquished

Notes
Turn   | Place    | Note
-------+----------+-------------------------------------------
     0 | D:1      | Faca the Merfolk Gladiator began the quest for the Orb.
     0 | D:1      | Reached XP level 1. HP: 16/16 MP: 1/1
    50 | D:1      | Reached XP level 2. HP: 23/23 MP: 2/2
   165 | D:1      | Reached skill level 5 in Polearms
   216 | D:1      | Reached XP level 3. HP: 25/29 MP: 3/3
   849 | D:2      | Reached XP level 4. HP: 23/36 MP: 4/4
   852 | D:2      | Reached skill level 6 in Polearms
  1018 | D:2      | Found a white marble altar of Elyvilon.
  1496 | D:2      | Reached XP level 5. HP: 42/42 MP: 5/5
  1798 | D:3      | Noticed Robin
  1825 | D:3      | Killed Robin
  1926 | D:3      | Found a bloodstained altar of Trog.
  1937 | D:3      | Found a shadowy altar of Dithmenos.
  2200 | D:3      | Found a sacrificial altar of Ru.
  2209 | D:3      | Reached skill level 7 in Polearms
  2622 | D:3      | Reached XP level 6. HP: 50/50 MP: 6/6
  2704 | D:3      | Reached skill level 5 in Fighting
  2842 | D:3      | Found a glowing golden altar of the Shining One.
  3178 | D:4      | Reached skill level 8 in Polearms
  3232 | D:4      | Noticed a phantom
  3245 | D:4      | Killed a phantom
  3245 | D:4      | Reached XP level 7. HP: 44/57 MP: 7/7
  3269 | D:4      | Found a glowing drain.
  3317 | Sewer    | Entered a sewer
  3408 | Sewer    | Reached skill level 9 in Polearms
  3856 | D:4      | Reached XP level 8. HP: 67/67 MP: 8/8
  3867 | D:4      | Reached skill level 10 in Polearms
  4124 | D:5      | Entered Level 5 of the Dungeon
  4359 | D:5      | Found Nonkol's Distillery.
  4547 | D:5      | Found Turoarer's Jewellery Shoppe.
  4549 | D:5      | Found Budgh's Antique Weapon Boutique.
  4549 | D:5      | Found Fulivih's Assorted Antiques.
  4586 | D:5      | Bought a scroll labeled GOOPHOUGHY for 28 gold pieces
  4589 | D:5      | Bought a cursed ring of attention for 54 gold pieces
  4636 | D:5      | Found Ulefuble's Distillery.
  4689 | D:5      | Noticed Menkaure
  4701 | D:5      | Killed Menkaure
  4701 | D:5      | Reached skill level 11 in Polearms
  5018 | D:5      | Found a snail-covered altar of Cheibriados.
  5376 | D:6      | Found a staircase to the Ecumenical Temple.
  5385 | Temple   | Entered the Ecumenical Temple
  5436 | Temple   | Became a worshipper of Warmaster Okawaru
  6016 | D:5      | Reached XP level 9. HP: 20/75 MP: 9/9
  6533 | D:6      | Reached skill level 12 in Polearms
  7309 | D:7      | Reached skill level 10 in Fighting
  7332 | D:7      | Reached skill level 13 in Polearms
  7337 | D:7      | Reached * piety under Okawaru
  7416 | D:7      | Reached skill level 5 in Dodging
  7733 | D:7      | Found the +7 Singing Sword {slice, sonic wave}
  7982 | D:7      | Reached XP level 10. HP: 86/86 MP: 10/10
  7986 | D:7      | Reached ** piety under Okawaru
  8501 | D:8      | Noticed Joseph
  8773 | D:7      | Reached skill level 14 in Polearms
  9690 | D:8      | Killed Joseph
  9690 | D:8      | Reached *** piety under Okawaru
 10670 | D:9      | Noticed a red ugly thing
 10679 | D:9      | Killed a red ugly thing
 10679 | D:9      | Reached **** piety under Okawaru
 10691 | D:9      | Reached XP level 11. HP: 93/93 MP: 9/11
 10702 | D:9      | Reached skill level 15 in Polearms
 10807 | D:9      | Found a staircase to the Lair.
 11436 | D:9      | Found a hazy altar of Hepliaklqana.
 11802 | D:10     | Entered Level 10 of the Dungeon
 11839 | D:10     | Found a glowing golden altar of the Shining One.
 11854 | D:10     | Reached skill level 1 in Shields
 11884 | D:10     | Noticed Grum
 12061 | D:10     | Killed Grum
 12254 | D:10     | Noticed a fire dragon
 12254 | D:10     | Noticed a flayed ghost
 12850 | D:9      | Reached skill level 10 in Dodging
 13072 | D:10     | Killed a fire dragon
 13072 | D:10     | Reached ***** piety under Okawaru
 13401 | D:10     | Found a hide-covered altar of Uskayaw.
 13405 | D:10     | Found a snail-covered altar of Cheibriados.
 13405 | D:10     | Noticed Maurice
 13427 | D:10     | Killed Maurice
 14168 | D:11     | Noticed a manticore
 14177 | D:11     | Killed a manticore
 14313 | D:11     | Reached skill level 16 in Polearms
 14673 | D:11     | HP: 4/94 [orc warrior/+0 flail (10)]
 14693 | D:11     | Killed from afar by an orc priest

Levels and vault maps discovered:
D:1:      dpeg_arrival_tiny_h, layout_loops_ring, minmay_misc_feat_diagonals,
          minmay_distorted
D:2:      layout_loops_ring, lemuel_crystal_altar
D:3:      minmay_inner_zag, layout_loops_corners,
          amethyst_overflow_temple_binary, nicolae_overflow_crystal_walls,
          nicolae_ru_awakened_eye, uniq_robin
D:4:      layout_loops_ring, first_ration, cheibrodos_sewer_entry_drain
D:5:      kennysheep_spiral_hall, layout_loops_ring, cheibriados_altar_1,
          serial_shops, shop, kennysheep_mini, nicolae_shop_crystal,
          nicolae_shop_temple_entry_statues_fountains, nicolae_shop_trees,
          grunt_ministairs_5, uniq_menkaure
D:6:      minmay_recursive_quarters, layout_cave_pools,
          minmay_temple_entry_antechambers
D:7:      old_forge, layout_gridville
D:8:      layout_rooms, uniq_joseph
D:9:      layout_cave_pods, erik_lair_orcish_takeover, basic_altar
D:10:     layout_basic, basic_altar, jmf_multi_god_temple, uniq_grum,
          uniq_maurice
D:11:     layout_grid_maze, david_orc_3, hangedman_little_slice_of_home,
          nrook_guardian_serpent_double
Temple:   eino_temple_rhombus

Skill      XL: |  1  2  3  4  5  6  7  8  9 10 11 |
---------------+----------------------------------+-----
Polearms       | 5 6 7 8 9 11 13 14 16 | 16.1
Fighting       | 3 4 5 7 8 10 11 12 | 12.7
Dodging        | 6 9 10 | 10.9
Shields        | 4 |  4.1
Throwing       | |  2.0

Action                   |  1- 3 |  4- 6 |  7- 9 | 10-12 || total
-------------------------+-------+-------+-------+-------++-------
Melee: Trident           |    96 |   235 |   319 |       ||   650
       Tailslap          |       |       |     3 |       ||     3
       Halberd           |       |       |   158 |   600 ||   758
Invok: Heroism           |       |       |       |     4 ||     4
  Use: Scroll            |       |     8 |     6 |     4 ||    18
 Stab: Sleeping          |     4 |     2 |     1 |       ||     7
  Eat: Chunk             |       |     8 |    11 |    19 ||    38
       Ration            |       |       |     1 |     1 ||     2
Armor: Leather armour    |    13 |     8 |       |       ||    21
       Ring mail         |       |    49 |    94 |   111 ||   254
Dodge: Dodged            |    40 |   100 |   191 |   411 ||   742
Block: Other             |    13 |    39 |    67 |   133 ||   252
       Reflection        |       |     4 |     3 |     7 ||    14
